 Dungeon Crawl Stone Soup version 0.29-a0-359-g541a27f54d (webtiles) character file.

Game seed: 1429461719444823605

27628 Zeldest the Summoner (level 13, -17/72 HPs)
             Began as a Vine Stalker Summoner on Apr 27, 2022.
             Was a Believer of Ignis.
             Demolished by a spriggan rider
             ... wielding a +0 spear
              (20 damage)
             ... while paralysed by a hornet
             ... on level 6 of the Lair of Beasts.
             The game lasted 01:43:57 (6396 turns).

Zeldest the Summoner (Vine Stalker Summoner)        Turns: 6396, Time: 01:43:58

Health: -17/72     AC:  5    Str: 15    XL:     13   Next: 33%
Magic:  0/22       EV:  2    Int: 27    God:    Ignis [**....]
Gold:   1617       SH:  0    Dex: 31    Spells: 6/23 levels left

rFire   + . .      SeeInvis .   b - +1 spear "Fakhuteip" {flame, Str-4 Int+10 Dex+4}
rCold   . . .      Faith    .   (no shield)
rNeg    + . .      Spirit   +   v - +1 robe "Odwi" {rN+ Dex+3}
rPois   +          Reflect  .   i - +1 helmet
rElec   +          Harm     .   C - scarf {repulsion}
rCorr   .          Rampage  .   (no gloves)
Will    +....                   (no boots)
Stlth   ++........              (no amulet)
HPRegen 1.02/turn               a - ring of Foyxzou {*Corrode rElec Str+6 Dex+8 Stlth+}
MPRegen 0.18/turn               y - ring of poison resistance

@: paralysed, lethally poisoned (-17 -> -18), forested, slowed, studying Poison
Magic, repel missiles, very slow
A: fangs 3, regeneration 1, magic shield, antimagic bite, no potion heal 2
a: Renounce Religion, Fiery Armour, Foxfire Swarm


You were on level 6 of the Lair of Beasts.
You worshipped Ignis.
Ignis was pleased with you.
You visited 3 branches of the dungeon, and saw 17 of its levels.

You collected 1617 gold pieces.

Inventory:

Hand Weapons
 b - the +1 spear "Fakhuteip" (weapon) {flame, Str-4 Int+10 Dex+4}
   (You took it off an orc wizard on level 8 of the Dungeon)

   It burns those it strikes, dealing additional fire damage.
   Str:       It affects your strength (-4).
   Int:       It affects your intelligence (+10).
   Dex:       It affects your dexterity (+4).
 h - a +0 vorpal spear
 u - a +0 vorpal trident
 F - a +1 short sword of venom
Armour
 i - a +1 helmet (worn)
 v - the +1 robe "Odwi" (worn) {rN+ Dex+3}
   (You found it on level 6 of the Dungeon)

   Dex:       It affects your dexterity (+3).
   rN:        It protects you from negative energy.
 C - a scarf of repulsion (worn)
 J - +1 acid dragon scales
Magical Staves
 p - a staff of fire
Jewellery
 a - the ring of Foyxzou (left hand) {*Corrode rElec Str+6 Dex+8 Stlth+}
   (You found it on level 8 of the Dungeon)

   [ring of strength]

   Str:       It affects your strength (+6).
   Dex:       It affects your dexterity (+8).
   rElec:     It insulates you from electricity.
   *Corrode:  It may corrode you when you take damage.
   Stlth:     It makes you more stealthy.
 k - a ring of ice
 q - a +6 ring of dexterity
 y - a ring of poison resistance (right hand)
 B - a ring of see invisible
 M - a ring of fire
Wands
 o - a wand of iceblast (1)
 x - a wand of polymorph (6)
 I - a wand of charming (1)
Scrolls
 f - 2 scrolls of immolation
 m - 5 scrolls of teleportation
 n - a scroll of fear
 w - 2 scrolls of fog
 A - a scroll of enchant armour
 D - a scroll of amnesia
 K - a scroll of summoning {unknown}
 L - a scroll of enchant weapon {unknown}
 O - a scroll of silence {unknown}
 P - a scroll of blinking {unknown}
Potions
 c - 5 potions of curing
 d - a potion of berserk rage {unknown}
 e - 2 potions of haste
 g - a potion of magic
 j - 3 potions of cancellation {unknown}
 l - 6 potions of might
 r - a potion of attraction {unknown}
 s - 4 potions of mutation
 t - 4 potions of brilliance {unknown}
 z - a potion of lignification
 E - a potion of resistance {unknown}
Miscellaneous
 N - a lightning rod (3/4)


   Skills:
 - Level 10.0 Fighting
 - Level 3.0 Polearms
 - Level 5.0 Dodging
 - Level 2.4 Stealth
 - Level 5.7 Unarmed Combat
 + Level 5.7 Spellcasting
 + Level 4.2 Conjurations
 + Level 12.5 Summonings
 + Level 5.4 Translocations
 - Level 8.6 Transmutations
 - Level 5.0 Poison Magic


You had 6 spell levels left.
You knew the following spells:

 Your Spells              Type           Power      Damage    Failure   Level
a - Call Imp              Summ           66%        N/A       1%          2
b - Summon Forest         Summ/Tloc      27%        N/A       4%          5
c - Call Canine Familiar  Summ           66%        N/A       1%          3
d - Spider Form           Tmut/Pois      44%        N/A       1%          3
e - Summon Lightning Spi  Summ/Air       41%        N/A       4%          4

Your spell library contained the following spells:

 Spells                   Type           Power      Damage    Failure   Level
 Sting                    Tmut/Pois      100%       1d8       1%          1
 Summon Small Mammal      Summ           100%       N/A       1%          1
 Summon Guardian Golem    Hex/Summ       41%        N/A       1%          3
 Poisonous Vapours        Pois/Air       42%        N/A       3%          2
 Ignite Poison            Fire/Tmut/Pois 32%        N/A       3%          3
 Static Discharge         Conj/Air       19%        N/A       4%          2
 Animate Armour           Summ/Erth      82%        N/A       4%          4
 Mephitic Cloud           Conj/Pois/Air  24%        N/A       5%          3
 Olgreb's Toxic Radiance  Pois           34%        N/A       9%          4
 Corpse Rot               Necr/Air       14%        N/A       10%         2
 Ensorcelled Hibernation  Hex/Ice        14%        N/A       10%         2
 Sticky Flame             Conj/Fire      19%        2d4       28%         4
 Iskenderun's Battlesphe  Conj           30%        2d8       32%         5
 Eringya's Noxious Bog    Tmut/Pois      22%        N/A       52%         6
 Airstrike                Air            3%         N/A       54%         4
 Anguish                  Hex/Necr       3%         N/A       54%         4
 Dispel Undead            Necr           7%         3d8       54%         4
 Lightning Bolt           Conj/Air       9%         1d22      61%         5
 Freezing Cloud           Conj/Ice/Air   7%         6-21      71%         5
 Iron Shot                Conj/Erth      9%         9d3       99%         6
 Summon Hydra             Summ           33%        N/A       32%         7
 Malign Gateway           Summ/Tloc      27%        N/A       80%         7
 Spellforged Servitor     Conj/Summ      26%        N/A       88%         7


Dungeon Overview and Level Annotations

Branches:
Dungeon (10/15)            Temple (1/1) D:6            Lair (6/6) D:9
  Snake (0/4) Lair:4        Slime (0/5) Lair:6
  Swamp: Lair:2-4    Shoals: Lair:2-4       Orc: D:9-12

Altars:
Cheibriados
Hepliaklqana
Okawaru
Qazlal
Ru
Uskayaw
Wu Jian
Ignis

Shops:
D:3 (   D:5 (   D:6 (

Annotations:
D:3 2 runed translucent doors, Slifar's ghost, weakling DrCA


Innate Abilities, Weirdness & Mutations

You have razor-sharp teeth.
Your natural rate of healing is unusually fast.
When hurt, damage is shared between your health and your magic reserves.
Your bite disrupts and absorbs the magic of your enemies.
Potions cannot restore your health.


Message History

The hornet stings you but does no damage.
You feel very sick. The hornet attacks as you move away! The hornet misses you.
You feel sick. The hornet barely misses you.
You feel sick.
The spriggan rider hits you from afar with a +0 spear.
You see here a hornet corpse.
Casting: Summon Forest (dangerous; 4% risk of failure)
Confirm with . or Enter, or press ? or * to list all spells.
Splash!
You fall into the shallow water.
Moving in this stuff is going to be slow.
A forested plane collides here with a resounding crunch!
Your dryad calls out to the forest.
The forest starts to sway and rumble!
You feel sick. The hornet stings you!
You feel yourself slow down.
The spriggan rider hits you from afar with a +0 spear!
The hornet stings you!
* * * LOW HITPOINT WARNING * * *
You suddenly lose the ability to move!
You feel sick.
The spriggan is hit by a branch!
A tree reaches out but misses the hornet.
The wolf is hit by a branch!
The hornet stings you.
* * * LOW HITPOINT WARNING * * *
You shrug off the repeated paralysis!
The spriggan hits you with a +0 short sword!
* * * LOW HITPOINT WARNING * * *
The spriggan rider hits you from afar with a +0 spear.
* * * LOW HITPOINT WARNING * * *
You feel sick.
A tree reaches out and hits the spriggan!
The wolf is hit by a branch!
The wolf dies!
The hornet is hit by a branch!
The spriggan rider is hit by a branch!
A root smacks the spriggan from below!
A root smacks the wolf from below!
The hornet barely misses you.
The spriggan hits you with a +0 short sword.
* * * LOW HITPOINT WARNING * * *
The spriggan rider hits you from afar with a +0 spear!!
You die...

#♣....................
#....................#
#...♣...♣♣..........##
#♣...................#
♣.....♣≈...♣.........#
.#.....≈≈≈..........#.
♣...≈≈≈P≈....#P...###
♣♣.R≈≈≈≈≈.........#
♣♣i@.♣...........#
♣♣♣†y♣♣♣..........#
♣†i.♣♣ ♣♣♣♣♣.....##
♣♣.i)♣ ♣♣...P ♣..)h♣
♣.. ♣.†.♣♣♣ .
♣.....♣♣♣ ♣..
♣..♣♣....♣♣♣♣♣♣♣♣..♣
♣.♣ ♣♣..i........♣


You could see a spriggan rider, a hornet (distracted, ally target), 2 spriggans,
a wolf and a friendly dryad (summoned).

Vanquished Creatures
  A hydra (D:8)
  A boulder beetle (Lair:4)
  A two-headed ogre (D:8)
  Nergalle (Lair:3)
  10 elephants
  A moth of wrath (D:4)
  A torpor snail (Lair:4)
  A rime drake (Lair:6)
  A cane toad (Lair:1)
  Maggie (Lair:1)
  3 blink frogs
  A wyvern (D:9)
  34 yaks
  2 basilisks (Lair:4)
  2 humans (D:7)
  A water moccasin (Lair:6)
  2 ice beasts
  An orc warrior (D:9)
  2 sky beasts
  An ogre (D:5)
  9 wolves
  A centaur (D:8)
  A necrophage (D:8)
  3 scorpions
  2 bullfrogs
  6 killer bees
  2 howler monkeys
  A jelly (D:4)
  An iguana (D:6)
  6 orc wizards
  A gnoll (D:6)
  3 adders
  A worm (D:3)
  A dart slug (D:3)
  10 orcs
  An endoplasm (D:2)
  2 giant cockroaches
  3 hobgoblins
  7 kobolds
  A quokka (D:3)
  5 ball pythons
  A frilled lizard (D:3)
  5 goblins
  3 rats
144 creatures vanquished.

Vanquished Creatures (collateral kills)
  A two-headed ogre (D:9)
  4 elephants
  A black mamba (Lair:6)
  2 rime drakes
  2 cane toads
  5 komodo dragons
  2 hornets (Lair:6)
  2 polar bears (Lair:6)
  4 blink frogs (Lair:6)
  3 spriggans
  A wyvern (D:9)
  18 yaks
  A steam dragon (D:9)
  2 water moccasins (Lair:6)
  A black bear (D:6)
  An orc warrior (D:9)
  2 sky beasts (D:7)
  9 wolves
  2 boggarts
  2 phantoms
  3 kobold brigands
  3 necrophages
  2 bullfrogs
  Blork the orc (D:6)
  2 killer bees (D:8)
  2 howler monkeys (D:9)
  9 jellies
  4 orc priests
  2 hounds (D:5)
  3 iguanas
  4 orc wizards
  Robin (D:2)
  2 adders
  2 shadow imps
  2 dart slugs
  17 orcs
  5 ball pythons
  4 endoplasms
  A giant cockroach (D:3)
  5 goblins
  9 hobgoblins
  A jackal (D:3)
  3 quokkas
  3 bats
  2 frilled lizards
  15 kobolds
  2 rats
174 creatures vanquished.

Vanquished Creatures (others)
  A hornet (D:9)
  A yak (Lair:6)
  A water moccasin (Lair:4)
  A goblin (D:2)
  64 foxfires
  12 fungi
  50 plants
  3 snaplasher vines (Lair:6)
133 creatures vanquished.

Grand Total: 451 creatures vanquished

Notes
Turn   | Place    | Note
-------+----------+-------------------------------------------
     0 | D:1      | Zeldest the Vine Stalker Summoner began the quest for the
                  | Orb.
     0 | D:1      | Reached XP level 1. HP: 9/9 MP: 4/4
   145 | D:1      | Reached XP level 2. HP: 11/14 MP: 4/6
   151 | D:1      | Learned a level 2 spell: Call Imp
   164 | D:1      | Found a faded altar of an unknown god.
   170 | D:1      | Reached skill level 1 in Unarmed Combat
   190 | D:1      | Prayed at the altar of an unknown god.
   190 | D:1      | Became a worshipper of Ignis, the Dying Flame
   232 | D:1      | Reached skill level 1 in Fighting
   271 | D:2      | Reached XP level 3. HP: 18/18 MP: 0/7
   271 | D:2      | Noticed Robin
   280 | D:2      | Killed Robin
   661 | D:3      | Found a large runed translucent door.
   661 | D:3      | Found a large runed translucent door.
   663 | D:3      | Noticed Slifar's ghost (weakling DrCA)
   857 | D:3      | Gained mutation: Your natural rate of healing is unusually
                  | fast. [Vine Stalker growth]
   857 | D:3      | Reached XP level 4. HP: 22/22 MP: 4/8
   880 | D:3      | Found an ornate altar of the Wu Jian Council.
   986 | D:3      | Reached skill level 1 in Polearms
  1092 | D:3      | Found Ifagejua's Weapon Shoppe.
  1194 | D:4      | Learned a level 3 spell: Call Canine Familiar
  1203 | D:4      | Noticed a black bear
  1221 | D:4      | Noticed a moth of wrath
  1221 | D:4      | a black bear changed into a moth of wrath
  1228 | D:4      | Killed a moth of wrath
  1229 | D:4      | Reached skill level 5 in Summonings
  1229 | D:4      | Reached XP level 5. HP: 10/28 MP: 0/9
  1229 | D:4      | Reached XP level 6. HP: 12/32 MP: 0/10
  1229 | D:4      | Reached XP level 7. HP: 13/36 MP: 0/11
  1576 | D:5      | Entered Level 5 of the Dungeon
  1603 | D:5      | Reached skill level 1 in Transmutations
  1686 | D:5      | Reached skill level 6 in Summonings
  1779 | D:5      | Found Mauthuam's Weapon Shop.
  1828 | D:5      | Gained mutation: You have razor-sharp teeth. [Vine Stalker
                  | growth]
  1828 | D:5      | Reached XP level 8. HP: 42/42 MP: 8/12
  1910 | D:6      | Identified the +1 robe "Odwi" {rN+ Dex+3}
  1940 | D:6      | Found a stormy altar of Qazlal.
  1992 | D:6      | Found a staircase to the Ecumenical Temple.
  2005 | Temple   | Entered the Ecumenical Temple
  2053 | D:6      | Noticed a yak
  2054 | D:6      | Noticed a yak
  2079 | D:6      | Noticed a yak
  2084 | D:6      | Killed a yak
  2085 | D:6      | Reached skill level 5 in Fighting
  2085 | D:6      | Reached skill level 7 in Summonings
  2093 | D:6      | Killed a yak
  2099 | D:6      | Killed a yak
  2113 | D:6      | Reached XP level 9. HP: 44/47 MP: 7/13
  2222 | D:6      | Found Utress's Antique Weapon Shoppe.
  2240 | D:6      | Noticed Blork the orc
  2254 | D:6      | Killed Blork the orc
  2255 | D:6      | Reached skill level 5 in Transmutations
  2319 | D:7      | Reached skill level 8 in Summonings
  2568 | D:7      | Found an iron altar of Okawaru.
  2614 | D:7      | Found a hazy altar of Hepliaklqana.
  2616 | D:7      | Found a hide-covered altar of Uskayaw.
  2728 | D:8      | Noticed a seven-headed hydra
  2738 | D:8      | Noticed a two-headed ogre
  2750 | D:8      | Killed a seven-headed hydra
  2751 | D:8      | Reached skill level 9 in Summonings
  2751 | D:8      | Reached XP level 10. HP: 55/55 MP: 12/14
  2794 | D:8      | Killed a two-headed ogre
  2813 | D:8      | Identified the ring of Foyxzou {*Corrode rElec Str+6 Dex+8
                  | Stlth+}
  3089 | D:8      | Noticed a white ugly thing
  3100 | D:8      | Identified the +1 spear "Fakhuteip" {flame, Str-4 Int+10
                  | Dex+4}
  3177 | D:9      | Noticed a two-headed ogre
  3184 | D:9      | Killed a two-headed ogre
  3446 | D:9      | Reached skill level 10 in Summonings
  3458 | D:9      | Reached XP level 11. HP: 34/60 MP: 12/17
  3811 | D:9      | Found a staircase to the Lair.
  3940 | Lair:1   | Entered Level 1 of the Lair of Beasts
  4092 | Lair:1   | Reached skill level 1 in Poison Magic
  4132 | D:10     | Entered Level 10 of the Dungeon
  4163 | D:10     | Noticed a sun demon
  4183 | D:9      | Learned a level 3 spell: Spider Form
  4186 | D:9      | Learned a level 2 spell: Poisonous Vapours
  4306 | Lair:1   | Noticed Maggie
  4414 | Lair:1   | Killed Maggie
  4923 | Lair:3   | Reached skill level 11 in Summonings
  4930 | Lair:3   | Reached skill level 5 in Poison Magic
  4930 | Lair:3   | Reached XP level 12. HP: 52/66 MP: 9/18
  4952 | Lair:3   | Noticed Nergalle
  4962 | Lair:3   | Killed Nergalle
  4963 | Lair:3   | Reached skill level 5 in Dodging
  5118 | Lair:4   | Got the Tome of Supportive Feathers
  5231 | Lair:4   | Reached skill level 1 in Translocations
  5247 | Lair:4   | Reached skill level 5 in Unarmed Combat
  5352 | Lair:4   | Found a staircase to the Snake Pit.
  5548 | Lair:4   | Noticed a boulder beetle
  5575 | Lair:4   | Killed a boulder beetle
  5576 | Lair:4   | Reached skill level 10 in Fighting
  5743 | Lair:4   | Learned a level 5 spell: Summon Forest
  5746 | Lair:5   | Identified a scroll of acquirement
  5746 | Lair:5   | Acquired 887 gold pieces
  5773 | Lair:6   | Entered Level 6 of the Lair of Beasts
  5847 | Lair:6   | Learned a level 4 spell: Summon Lightning Spire
  5887 | Lair:6   | Found a staircase to the Slime Pits.
  5896 | Lair:6   | Reached skill level 1 in Conjurations
  5953 | Lair:6   | Reached skill level 12 in Summonings
  6005 | Lair:6   | Reached XP level 13. HP: 57/72 MP: 13/21
  6084 | Lair:6   | Reached skill level 5 in Spellcasting
  6203 | Lair:6   | Reached skill level 5 in Translocations
  6394 | Lair:6   | Paralysed by a hornet for 3 turns
  6396 | Lair:6   | HP: 3/72 [spriggan/+0 short sword (3)]
  6396 | Lair:6   | Demolished by a spriggan rider

Illustrated notes

Levels and vault maps discovered:
D:1:      saegor_arrival_simple_b, layout_basic,
          hellmonk_ecumenical_altar_run_dry, skrybe_limestone_x
D:2:      layout_basic, serial_forest, infiniplex_forest_3_way,
          infiniplex_forest_clump_diagonal, infiniplex_forest_3_way,
          infiniplex_forest_fountain, infiniplex_forest_straight_2,
          infiniplex_forest_end_3, infiniplex_forest_clump_curved,
          infiniplex_forest_straight_2, infiniplex_forest_end_double,
          amethyst_killhole, uniq_robin
D:3:      layout_basic, nzn_wu_jian_council_hall, ebering_ghost_disaster_area,
          serial_shops, nicolae_shop_advertising_works
          [nicolae_subvault_shop_adworks], minmay_pentangle
D:4:      layout_loops_ring, dreamdust_princess_corridor
D:5:      layout_cave_pools, serial_shops, nicolae_shop_bloodbath_and_beyond,
          serial_bayou, serial_bayou_pond_d, serial_bayou_shore_b,
          serial_bayou_shore_a, serial_bayou_pond_b, serial_bayou_ford_a,
          palyth_stone_intersect
D:6:      layout_rooms, mainiacjoe_overflow_brackets,
          minmay_temple_entry_mini_moons, serial_shops,
          nicolae_shop_hallway_stairs, hangedman_abyss_or_decor_stagger,
          minmay_increasing_density, uniq_blork_the_orc
D:7:      layout_basic, okawaru_humans, mainiacjoe_overflow_catwalk_spiral,
          grunt_ministairs_13
D:8:      layout_basic, small_chamber_with_monster, minmay_checkerbox
D:9:      layout_cave_pools, david_lair_shrubbed
D:10:     layout_cave_pools, erik_orc_4, grunt_decor_fettered
Temple:   minmay_crystal_spiral_temple
Lair:1:   layout_hall_layers, grunt_megastairs_1, uniq_maggie
Lair:2:   kb_forest_paths, layout_misc_corridors
Lair:3:   layout_misc_corridors, uniq_nergalle
Lair:4:   layout_small_grid, minmay_shoals_entry_hut, dummy_snake_entry,
          grunt_forest_large_clearing_hut
Lair:5:   layout_cave_pods, minivault_11, grunt_megastairs_5
Lair:6:   minmay_lair_end_enchanted_forest, layout_gridlike,
          nicolae_slime_entry_slimehenge, dreamdust_gnoll_shepherd

Skill      XL: |  1  2  3  4  5  6  7  8  9 10 11 12 13 |
---------------+----------------------------------------+-----
Unarmed Combat | 1 2 4 5 |  5.7
Fighting       | 1 3 4 5 7 8 9 10 | 10.0
Polearms       | 3 |  3.0
Summonings     | 5 6 7 9 10 11 12 | 12.5
Transmutations | 2 4 6 8 |  8.6
Spellcasting   | 3 4 5 |  5.7
Dodging        | 2 4 5 |  5.0
Poison Magic   | 5 |  5.0
Translocations | 4 5 |  5.4
Conjurations   | 2 4 |  4.2
Stealth        | |  2.4

Action                   |  1- 3 |  4- 6 |  7- 9 | 10-12 | 13-15 || total
-------------------------+-------+-------+-------+-------+-------++-------
Melee: Unarmed           |    21 |       |       |   216 |    38 ||   275
       Bite              |    13 |     5 |    39 |    74 |     9 ||   140
       Spear             |    30 |    44 |    49 |    70 |    19 ||   212
       Trident           |       |       |    89 |   119 |       ||   208
       Punch             |       |       |     2 |     6 |     1 ||     9
 Cast: Summon Small Mamm |    16 |    10 |    11 |    30 |       ||    67
       Call Imp          |    15 |     6 |    26 |    40 |     3 ||    90
       Call Canine Famil |       |     2 |    16 |    49 |     5 ||    72
       Poisonous Vapours |       |       |       |    15 |       ||    15
       Spider Form       |       |       |       |    13 |     2 ||    15
       Summon Lightning  |       |       |       |     4 |     2 ||     6
       Summon Forest     |       |       |       |     2 |     5 ||     7
Invok: Foxfire Swarm     |       |       |     2 |     1 |       ||     3
       Fiery Armour      |       |       |     1 |     3 |       ||     4
       Rising Flame      |       |       |       |     1 |       ||     1
 Abil: End Transformatio |       |       |       |     3 |     1 ||     4
Evoke: Wand              |       |     4 |     1 |    17 |     1 ||    23
       Lightning rod     |       |       |       |     4 |       ||     4
  Use: Scroll            |       |       |     7 |    13 |     1 ||    21
       Potion            |       |       |       |     5 |       ||     5
 Stab: Distracted        |     1 |       |     3 |     3 |     3 ||    10
       Sleeping          |     2 |       |     4 |       |       ||     6
Armor: Robe              |    11 |    14 |    19 |    40 |     9 ||    93
       Skin              |       |       |       |    40 |     2 ||    42
Dodge: Dodged            |    26 |    36 |    52 |   323 |    61 ||   498
       Repelled          |       |       |     1 |     2 |       ||     3

Table legend: (Time is in decaauts)
 A = Elapsed time spent in this place.
 B = Non-inter-level travel time spent in this place.
 C = Inter-level travel time spent in this place.
 D = Time resting spent in this place.
 E = Time spent auto-exploring this place.
 F = Levels seen in this place.
 G = Mean time per level.
                   A        B        C        D        E       F      G
               +--------+--------+--------+--------+--------+-----+--------+
         Total |   6432 |   6352 |     80 |      0 |      0 |  17 |  378.4 |
       Dungeon |   4072 |   3992 |     80 |      0 |      0 |  10 |  407.2 |
        Temple |     11 |     11 |      0 |      0 |      0 |   1 |   11.0 |
          Lair |   2347 |   2347 |      0 |      0 |      0 |   6 |  391.2 |
               +--------+--------+--------+--------+--------+-----+--------+

Top non-repeatable levels by time:
     D:8: 728 daAuts
  Lair:4: 706 daAuts
  Lair:1: 656 daAuts
  Lair:6: 617 daAuts
     D:3: 549 daAuts
     D:9: 512 daAuts
     D:7: 470 daAuts
     D:4: 458 daAuts
     D:6: 412 daAuts
     D:2: 325 daAuts
     D:5: 323 daAuts
     D:1: 258 daAuts
  Lair:3: 222 daAuts
  Lair:2: 115 daAuts
    D:10: 33 daAuts
